Map: Frozen Temple

Players

Miszu

  • Race: Terran Terran
  • League: Master

Hopt - Winner!

  • Race: Terran Terran
  • League: Master

VOD

Have the link to the VOD?

Description

Time

  • Played on: April 19, 2016, 12:27 p.m.
  • Length: 5:03
Show
View Real Time Build Order
Export as new Build Order

Miszu Terran 

Build Orders: 1/1/1 

Get SALT Encoding   

  12  0:00  SCV  
  13  0:13  SCV  
  14  0:17  Supply Depot  
  14  0:25  SCV  
  15  0:28  Refinery  
  15  0:39  SCV  
  16  0:45  Barracks  
  16  0:51  SCV  
  16  0:56  Refinery  
  17  1:03  SCV  
  18  1:15  SCV  
  19  1:27  SCV  
  20  1:34  Factory, Marine  
  21  1:44  Orbital Command  
  21  1:52  Marine  
  22  2:00  Supply Depot  
  22  2:10  Barracks Reactor  
  22  2:11  SCV  
  23  2:20  Starport  
  23  2:23  SCV  
  23  2:27  Factory Tech Lab  
  24  2:35  SCV  
  25  2:43  Supply Depot  
  25  2:47  Marine x2  
  25  2:49  SCV  
  28  2:55  Factory Tech Lab  
  28  3:01  SCV  
  28  3:04  Marine x2  
  28  3:05  Raven  
  26  3:22  Marine  
  26  3:26  SCV  
  26  3:29  Siege Tank  
  26  3:31  Marine  
  26  3:33  Supply Depot  
  30  3:40  Marine  
  28  3:48  Marine  
  28  3:51  SCV  
  28  3:57  Medivac  
  28  3:58  Marine  
  31  4:03  SCV  
  31  4:06  Marine, Siege Tank  
  36  4:16  Marine  
  37  4:19  Supply Depot  
  37  4:24  Marine  
  37  4:27  Medivac  
  40  4:32  SCV  
  40  4:33  Marine  
  42  4:42  Marine  
  42  4:44  SCV  
Show
View Real Time Build Order
Export as new Build Order

Hopt Terran - Winner!

Build Orders: 1/1/1 

Get SALT Encoding   

  12  0:01  SCV  
  13  0:13  SCV  
  14  0:18  Supply Depot  
  14  0:25  SCV  
  15  0:31  Refinery  
  15  0:39  SCV  
  16  0:45  Barracks  
  16  0:51  SCV  
  17  0:57  Refinery  
  17  1:03  SCV  
  18  1:15  SCV  
  19  1:33  Orbital Command  
  19  1:34  Reaper  
  19  1:38  Factory  
  20  1:49  Supply Depot  
  20  1:59  SCV  
  20  2:06  Reaper  
  21  2:11  SCV  
  22  2:22  Hellion  
  24  2:23  SCV  
  24  2:24  Starport  
  25  2:35  Supply Depot, SCV  
  26  2:44  Barracks Tech Lab  
  26  2:48  SCV  
  26  2:50  Hellion  
  29  2:58  Supply Depot  
  29  3:00  SCV  
  30  3:12  SCV  
  31  3:24  SCV  
  30  3:31  Factory Tech Lab  
  30  3:36  SCV  
  30  3:39  Banshee  
  30  3:41  Command Center  
  34  3:48  SCV  
  32  4:00  SCV  
  33  4:06  Siege Tank  
  33  4:07  Barracks Reactor  
  36  4:11  Barracks  
  36  4:12  Barracks, SCV  
  37  4:22  Viking  
  39  4:24  SCV  
  40  4:32  Supply Depot  
  40  4:36  SCV  
  44  4:42  Engineering Bay  
  44  4:49  SCV  
  45  4:57  Barracks Tech Lab  
Tags
 
Add a new tag
Caveats
  • Supply blocks, unpowered buildings, or Contaminate may cause inaccurate times.
  • Supply counts are checked every 10 seconds.